Map: Radhuset Station LE

Players

LiquidClem (Clem) - Winner!

  • Race: Terran Terran
  • League: Grandmaster
  • Spawn Location: 7:00

MaxPax

  • Race: Protoss Protoss
  • League: Grandmaster
  • Spawn Location: 1:00

VOD

Have the link to the VOD?

Description

Time

  • Played on: Oct. 9, 2023, 3:32 p.m.
  • Length: 22:57
Show
View Real Time Build Order
Export as new Build Order

LiquidClem Terran - Winner!

Build Orders: Cyclone Opening 

Get SALT Encoding   

  12  0:00  SCV  
  13  0:12  SCV  
  14  0:17  Supply Depot  
  14  0:24  SCV  
  15  0:38  SCV  
  15  0:40  Barracks  
  16  0:44  Refinery  
  16  0:51  SCV  
  17  1:03  SCV  
  18  1:15  SCV  
  19  1:28  Marine  
  19  1:29  Orbital Command  
  20  1:42  Command Center  
  20  1:47  Barracks Reactor  
  20  1:51  Supply Depot  
  20  1:55  SCV  
  21  2:05  Factory  
  21  2:08  SCV  
  22  2:18  Refinery  
  22  2:20  SCV  
  23  2:23  Marine x2  
  25  2:33  SCV  
  26  2:40  Marine  
  26  2:41  Marine  
  28  2:47  SCV  
  28  2:49  Cyclone  
  31  3:00  Orbital Command  
  31  3:03  SCV  
  32  3:12  Command Center  
  32  3:16  SCV  
  33  3:22  Barracks  
  33  3:26  SCV  
  34  3:28  SCV  
  34  3:31  Supply Depot  
  34  3:32  Marine  
  36  3:35  Marine  
  36  3:38  SCV  
  37  3:41  SCV  
  37  3:42  Factory Tech Lab  
  38  3:50  Marine, SCV  
  38  3:53  Barracks, Marine  
  39  3:58  SCV  
  40  4:05  Engineering Bay  
  40  4:06  SCV  
  41  4:10  Marine  
  41  4:11  SCV, Marine  
  44  4:17  Stimpack, Marine  
  44  4:18  Factory Tech Lab  
  44  4:19  SCV  
  44  4:23  SCV  
  47  4:25  Supply Depot  
  47  4:27  Orbital Command  
  46  4:31  SCV  
  46  4:35  SCV  
  46  4:36  Terran Infantry Weapons Level 1  
  48  4:40  Marine x2  
  48  4:43  SCV, Marauder  
  53  4:49  Combat Shield, Starport  
  53  4:52  SCV  
  54  4:56  Factory Reactor  
  54  4:57  Marauder  
  54  4:58  SCV  
  57  5:02  Marine x2  
  57  5:04  SCV  
  60  5:09  Refinery  
  60  5:10  SCV  
  60  5:11  Supply Depot  
  60  5:12  Orbital Command  
  60  5:13  Marauder  
  63  5:17  SCV  
  63  5:19  Marauder  
  65  5:22  Missile Turret, SCV  
  65  5:24  Missile Turret  
  66  5:29  SCV  
  66  5:31  Supply Depot  
  66  5:32  Marine x2  
  66  5:34  SCV  
  70  5:38  SCV  
  70  5:40  Factory Reactor  
  70  5:41  SCV, Marauder  
  72  5:44  Medivac, Marauder  
  72  5:45  Medivac  
  72  5:46  SCV  
  72  5:49  Refinery  
  79  5:50  Supply Depot  
  79  5:51  SCV  
  79  5:53  SCV  
  81  5:58  Missile Turret, SCV  
  81  6:01  Marine x2  
  81  6:03  SCV, Concussive Shells  
  83  6:05  SCV  
  83  6:06  Marauder  
  83  6:10  SCV  
  89  6:11  Marauder  
  89  6:14  Supply Depot  
  89  6:15  SCV, Medivac  
  92  6:20  Supply Depot  
  92  6:21  Marine x2  
  92  6:22  SCV  
  92  6:24  SCV  
  96  6:28  Widow Mine x2  
  96  6:29  SCV  
  96  6:32  Supply Depot  
  101  6:34  Terran Infantry Armor Level 1  
  101  6:36  Marauder  
  101  6:39  SCV  
  106  6:40  Marauder  
  106  6:41  Marine x2  
  106  6:42  SCV  
  108  6:47  Supply Depot  
  108  6:51  SCV  
  108  6:53  Barracks  
  109  6:54  Barracks  
  109  6:55  SCV  
  109  6:57  Widow Mine, Marine  
  109  6:58  Widow Mine  
  109  7:01  SCV, Supply Depot  
  115  7:03  SCV  
  115  7:06  Medivac x2  
  121  7:11  SCV  
  121  7:13  SCV, Supply Depot  
  121  7:15  SCV, Marauder  
  125  7:19  Marauder  
  128  7:22  Refinery  
  128  7:23  Supply Depot, Refinery  
  128  7:24  SCV  
  129  7:31  SCV  
  129  7:35  Supply Depot  
  129  7:36  Viking x2  
  134  7:37  SCV x2  
  134  7:42  Ghost Academy  
  136  7:45  Barracks Tech Lab x2  
  136  7:46  Widow Mine  
  136  7:47  Widow Mine  
  136  7:49  Supply Depot  
  136  7:50  Marauder  
  142  7:52  Marauder  
  142  7:57  Supply Depot  
  144  8:05  Armory  
  144  8:06  Engineering Bay  
  144  8:12  Ghost x2, Marauder  
  146  8:14  Viking  
  146  8:18  Supply Depot  
  146  8:19  Viking  
  154  8:28  Barracks x2  
  154  8:31  Barracks  
  154  8:32  Starport  
  155  8:35  Sensor Tower  
  155  8:39  Command Center  
  154  8:45  Viking  
  154  8:47  Marauder  
  158  8:49  Viking  
  158  8:50  Marine  
  158  8:51  Marine, Marauder  
  164  9:00  Terran Infantry Weapons Level 2  
  164  9:02  Supply Depot  
  164  9:05  Marauder x2  
  164  9:08  Marauder  
  168  9:10  Supply Depot  
  168  9:11  Terran Infantry Armor Level 2  
  168  9:16  Supply Depot  
  166  9:17  Viking  
  166  9:21  Missile Turret  
  166  9:23  SCV x3  
  171  9:27  Barracks Tech Lab x2  
  171  9:28  Viking  
  173  9:32  Viking  
  173  9:33  Barracks Tech Lab  
  175  9:40  SCV  
  175  9:41  Marauder x3  
  182  9:47  Viking  
  182  9:48  Ghost, SCV  
  182  9:50  Marauder  
  189  9:56  Marauder x2, SCV  
  189  9:59  Refinery  
  192  10:00  Refinery  
  192  10:10  Missile Turret  
  192  10:12  Sensor Tower  
  192  10:13  Terran Ship Weapons Level 1, Viking  
  192  10:14  Marauder, Marine  
  197  10:21  Marauder  
  197  10:25  Planetary Fortress  
  197  10:26  SCV  
  197  10:27  SCV  
  199  10:29  SCV  
  196  10:44  Viking x2  
  196  10:49  Marine  
  189  10:50  Marauder  
  189  10:51  Ghost, SCV  
  189  10:52  SCV x2  
  189  10:55  Marauder  
  192  11:00  Sensor Tower  
  192  11:03  Marauder x4  
  200  11:11  Command Center  
  200  11:17  Ghost  
  192  11:19  Medivac  
  192  11:20  Marine  
  192  11:23  Marauder  
  192  11:24  Marauder  
  199  11:26  Marine  
  199  11:27  Marauder x2  
  199  11:28  Marauder  
  197  11:42  Terran Infantry Weapons Level 3  
  197  11:43  SCV  
  197  11:44  Command Center  
  198  11:50  SCV  
  198  11:51  SCV  
  200  11:56  Fusion Core  
  200  12:02  Missile Turret  
  200  12:08  Missile Turret  
  200  12:19  Terran Infantry Armor Level 3  
  200  12:25  Command Center  
  200  12:26  Command Center  
  200  12:31  Terran Ship Weapons Level 2  
  200  12:32  Personal Cloaking  
  200  12:42  Ghost  
  200  12:44  Marauder  
  188  12:46  Medivac  
  188  12:48  Marauder x2, Marine  
  188  12:51  Orbital Command, Marine  
  187  12:52  Medivac  
  187  12:54  Marine, Medivac  
  185  13:01  Medivac  
  185  13:02  Advanced Ballistics  
  185  13:05  Orbital Command  
  187  13:10  Marauder x2  
  187  13:11  Ghost  
  193  13:18  Marine  
  193  13:19  Marine  
  195  13:30  Ghost  
  189  13:34  Medivac  
  189  13:36  Marine  
  189  13:39  Liberator x2  
  189  13:40  Liberator  
  196  13:41  Marine  
  196  13:42  Marine  
  196  13:43  Marine  
  196  13:44  Marauder x2  
  196  13:46  Marauder  
  196  13:58  Orbital Command  
  196  14:04  Medivac  
  196  14:09  Missile Turret  
  196  14:10  Sensor Tower  
  196  14:13  Missile Turret x2, Starport  
  196  14:14  Caduceus Reactor  
  196  14:17  SCV  
  196  14:19  Planetary Fortress  
  196  14:22  Medivac, Refinery  
  199  14:36  Liberator  
  199  14:38  Marauder x2  
  200  14:41  Marine  
  200  14:45  Nuke  
  200  14:49  Terran Ship Weapons Level 3  
  200  14:50  Ghost Academy  
  198  15:06  Marauder  
  200  15:14  Hi-Sec Auto Tracking, Neosteel Armor  
  199  15:26  Marine, Marauder x2  
  199  15:27  Marine, Marauder x2  
  198  15:31  Command Center  
  198  15:33  Marauder, Refinery  
  200  15:42  Nuke  
  200  15:43  Command Center  
  200  15:46  Command Center  
  200  15:58  Starport Reactor  
  200  15:59  Starport  
  200  16:03  Ghost  
  185  16:05  Viking x2  
  185  16:07  Viking  
  185  16:08  Viking  
  191  16:17  Marauder, Marine  
  194  16:26  Marauder  
  194  16:32  Marauder  
  195  16:33  Marine  
  195  16:35  Viking x2, Marauder  
  195  16:37  Viking  
  195  16:38  Viking  
  173  16:40  Viking  
  173  16:41  Marine x2  
  173  16:43  Marine  
  158  16:47  Viking  
  158  16:52  Orbital Command  
  158  17:05  Viking, Starport Reactor, Ghost x3  
  166  17:09  Ghost  
  166  17:14  Ghost  
  170  17:17  Ghost  
  170  17:19  Marine  
  170  17:22  Viking  
  175  17:25  Viking  
  174  17:33  Viking  
  174  17:35  Viking, Sensor Tower  
  167  17:39  Marine  
  167  17:40  Ghost  
  167  17:43  Viking  
  170  17:44  Viking  
  170  17:48  Orbital Command, Viking  
  170  17:51  Viking  
  176  17:54  Orbital Command  
  172  18:07  Viking  
  174  18:14  Command Center  
  174  18:19  Orbital Command  
  171  18:24  Marauder  
  171  18:25  Viking x2  
  171  18:26  Viking  
  161  18:28  Viking  
  161  18:31  Viking  
  157  18:34  Viking  
  157  18:38  Viking  
  158  18:41  Ghost  
  158  18:50  Terran Vehicle And Ship Armor Level 1  
  158  18:53  Viking  
  158  18:54  Ghost  
  162  18:56  Marauder x2  
  162  18:57  Marauder  
  162  18:59  Viking x2, Medivac  
  162  19:01  Viking  
  176  19:09  Ghost x2  
  180  19:13  Viking  
  180  19:14  Viking  
  184  19:22  Viking  
  180  19:26  Viking  
  180  19:29  Viking  
  184  19:32  Viking  
  184  19:35  Viking  
  186  19:39  Nuke  
  186  19:40  Viking  
  186  19:45  Viking x2  
  192  19:52  Viking  
  194  19:53  Sensor Tower  
  194  19:55  Missile Turret  
  194  19:56  Viking, Refinery x2  
  194  19:59  Viking  
  194  20:01  Marine  
  194  20:02  Viking  
  194  20:05  Viking  
  193  20:10  Viking  
  175  20:14  Viking, Liberator  
  148  20:21  Marauder x2  
  148  20:27  Liberator  
  144  20:33  Planetary Fortress  
  144  20:37  Marauder  
  146  20:45  Liberator x2  
  152  20:55  Liberator x2  
  156  20:58  Marauder  
  156  21:00  Marine  
  156  21:02  Marine  
  156  21:03  Marauder  
  156  21:04  Liberator  
  156  21:07  Marauder  
  156  21:08  Marauder  
  156  21:11  Marauder  
  165  21:13  Marine, Marauder  
  168  21:18  Liberator  
  168  21:20  Marauder  
  168  21:24  Nuke  
  168  21:25  Marauder  
  173  21:30  Liberator  
  170  21:44  Liberator  
  173  21:47  Ghost  
  173  21:48  Marauder, Marine  
  173  21:49  Missile Turret, Marauder  
  173  21:53  Marine  
  181  21:55  Marine  
  181  21:56  Medivac  
  184  22:02  Marauder, Marine  
  184  22:03  Marauder  
  184  22:06  Marine  
  184  22:08  Liberator  
  193  22:14  Liberator  
  196  22:32  Marauder  
  196  22:35  Marine  
Show
View Real Time Build Order
Export as new Build Order

MaxPax Protoss 

Build Orders: 1 Gate Expand, Oracle Opening, Phoenix Opening, Carriers, Zealot Archon, Colossus Rush 

Get SALT Encoding   

  12  0:00  Probe  
  13  0:12  Probe  
  14  0:17  Pylon  
  14  0:24  Probe (Chrono Boost)  
  15  0:36  Gateway, Probe (Chrono Boost)  
  16  0:43  Probe (Chrono Boost)  
  16  0:45  Assimilator  
  17  0:50  Probe  
  18  1:03  Probe  
  19  1:15  Probe  
  20  1:23  Cybernetics Core  
  20  1:24  Zealot  
  22  1:38  Nexus  
  22  1:44  Pylon  
  22  1:48  Probe  
  22  1:53  Assimilator  
  23  2:01  Adept (Chrono Boost)  
  23  2:02  Probe  
  26  2:14  Probe  
  27  2:17  Stargate  
  27  2:23  Adept  
  27  2:29  Probe  
  30  2:32  Warp Gate  
  30  2:41  Probe  
  31  2:50  Probe  
  32  2:53  Probe (Chrono Boost)  
  31  2:59  Oracle (Chrono Boost)  
  31  3:02  Probe (Chrono Boost)  
  36  3:08  Gateway  
  36  3:11  Probe (Chrono Boost)  
  37  3:13  Probe (Chrono Boost)  
  37  3:17  Probe (Chrono Boost)  
  37  3:18  Probe (Chrono Boost)  
  39  3:27  Phoenix (Chrono Boost)  
  39  3:28  Probe  
  39  3:29  Probe  
  43  3:41  Probe x2  
  40  3:43  Robotics Facility  
  40  3:45  Assimilator x2  
  41  3:53  Probe x2  
  45  4:04  Pylon  
  45  4:05  Probe  
  45  4:09  Pylon  
  46  4:10  Probe  
  46  4:14  Pylon  
  45  4:17  Probe  
  45  4:22  Probe, Phoenix (Chrono Boost)  
  49  4:26  Nexus  
  49  4:29  Probe  
  51  4:31  Observer  
  51  4:35  Probe  
  51  4:36  Robotics Bay  
  52  4:41  Probe  
  52  4:44  Phoenix (Chrono Boost)  
  53  4:47  Probe  
  56  4:53  Probe  
  56  4:59  Probe  
  58  5:04  Twilight Council, Forge  
  58  5:05  Probe  
  59  5:09  Phoenix  
  59  5:11  Probe  
  62  5:14  Pylon  
  62  5:17  Probe  
  63  5:23  Probe  
  63  5:24  Colossus (Chrono Boost)  
  70  5:31  Extended Thermal Lance  
  70  5:32  Probe  
  70  5:33  Pylon  
  70  5:35  Probe  
  72  5:40  Phoenix  
  74  5:44  Probe x2  
  74  5:47  Probe  
  74  5:49  Assimilator  
  77  5:50  Assimilator  
  77  5:56  Probe x2  
  79  5:59  Probe  
  79  6:03  Protoss Ground Weapons Level 1 (Chrono Boost), Charge  
  80  6:08  Probe x2  
  80  6:10  Shield Battery  
  82  6:11  Probe  
  82  6:14  Colossus (Chrono Boost)  
  82  6:17  Shield Battery  
  89  6:19  Pylon  
  89  6:20  Probe x2  
  89  6:24  Probe  
  92  6:27  Gateway  
  92  6:28  Gateway  
  92  6:29  Zealot  
  92  6:31  Sentry  
  92  6:32  Probe  
  97  6:46  Gateway  
  97  6:48  Gateway  
  97  6:51  Zealot, Gateway x2  
  99  6:55  Templar Archives  
  99  6:58  Gateway  
  99  7:01  Colossus (Chrono Boost)  
  99  7:04  Pylon  
  105  7:10  Pylon  
  105  7:11  Pylon  
  105  7:12  Pylon  
  105  7:18  Zealot x2  
  109  7:27  Photon Cannon  
  109  7:34  Gateway  
  109  7:36  Nexus  
  109  7:41  High Templar x4  
  109  7:42  Warp Prism (Chrono Boost)  
  119  7:46  Archon x2  
  119  7:49  Pylon  
  119  7:50  Zealot x3  
  125  7:53  Protoss Ground Weapons Level 2 (Chrono Boost)  
  125  7:54  Nexus  
  125  7:59  Probe  
  125  8:00  Photon Cannon  
  125  8:01  Blink (Chrono Boost), Shield Battery  
  126  8:08  Forge  
  126  8:18  Zealot x2  
  126  8:19  Zealot x4  
  138  8:24  Pylon  
  138  8:25  Pylon  
  138  8:31  High Templar x4  
  138  8:33  Probe x2, Pylon  
  148  8:36  Archon x2  
  148  8:41  Protoss Ground Armor Level 1 (Chrono Boost)  
  148  8:44  Zealot x3, Pylon  
  148  8:45  Zealot  
  148  8:47  Observer (Chrono Boost)  
  156  8:50  Probe  
  155  9:06  Probe  
  155  9:07  Robotics Facility, Warp Prism (Chrono Boost)  
  155  9:09  Probe  
  157  9:12  Probe  
  157  9:13  Zealot x4  
  157  9:14  Zealot  
  157  9:15  Probe  
  169  9:18  Probe  
  169  9:21  Probe  
  171  9:31  Observer (Chrono Boost)  
  171  9:34  Pylon  
  171  9:37  Probe  
  173  9:40  Nexus  
  173  9:50  Zealot x4  
  181  10:00  Stalker x6  
  191  10:10  Disruptor (Chrono Boost)  
  191  10:11  Disruptor (Chrono Boost)  
  199  10:16  Protoss Ground Weapons Level 3  
  199  10:18  Dark Shrine  
  194  10:35  Zealot x3  
  194  10:38  Protoss Ground Armor Level 2  
  198  10:48  Disruptor (Chrono Boost)  
  182  11:02  Gateway  
  184  11:04  Gateway, Disruptor (Chrono Boost)  
  184  11:08  Zealot x2, Pylon, Stalker x6  
  200  11:14  Photon Cannon  
  200  11:15  Photon Cannon  
  200  11:17  Photon Cannon  
  197  11:18  Shield Battery  
  188  11:26  Disruptor (Chrono Boost)  
  188  11:33  Disruptor (Chrono Boost), Stalker x2  
  188  11:34  Zealot x7  
  188  11:43  Shadow Stride (Chrono Boost)  
  188  11:52  Assimilator  
  188  11:53  Pylon  
  188  11:55  Assimilator, Pylon  
  188  11:59  Disruptor (Chrono Boost)  
  190  12:01  Disruptor (Chrono Boost)  
  190  12:08  Robotics Facility  
  188  12:17  Gateway, Stargate  
  188  12:19  Fleet Beacon  
  188  12:20  Stargate  
  188  12:25  Protoss Air Weapons Level 1 (Chrono Boost)  
  180  12:43  Disruptor  
  170  12:47  Disruptor  
  170  12:56  Zealot x7  
  170  12:57  Zealot x5  
  190  13:04  Protoss Ground Armor Level 3 (Chrono Boost)  
  188  13:13  Probe  
  188  13:14  Probe x2  
  188  13:15  Carrier (Chrono Boost)  
  188  13:16  Probe  
  200  13:28  Carrier (Chrono Boost)  
  190  13:38  Carrier (Chrono Boost)  
  188  13:48  Zealot x7  
  188  13:51  Assimilator  
  188  13:53  Assimilator  
  194  14:09  Dark Templar  
  194  14:18  Carrier (Chrono Boost)  
  196  14:34  Carrier (Chrono Boost)  
  196  14:35  Nexus  
  196  14:36  Pylon  
  196  14:50  Protoss Air Weapons Level 2 (Chrono Boost)  
  190  15:00  Carrier (Chrono Boost)  
  192  15:09  Stalker x3  
  198  15:19  Pylon  
  200  15:29  Protoss Shields Level 1 (Chrono Boost)  
  200  15:32  Carrier (Chrono Boost)  
  200  15:45  Nexus  
  200  15:49  Pylon  
  199  15:57  Observer  
  197  16:05  Stalker  
  199  16:16  Photon Cannon  
  199  16:17  Photon Cannon  
  193  16:20  Shield Battery  
  179  16:33  Carrier (Chrono Boost)  
  179  16:39  Carrier x2 (Chrono Boost)  
  171  16:40  Disruptor  
  168  16:54  Mothership  
  168  16:55  Stalker x4  
  168  16:56  Zealot x6, Disruptor  
  191  17:10  Observer  
  191  17:15  Protoss Air Weapons Level 3 (Chrono Boost)  
  192  17:17  Probe  
  193  17:23  Stalker x3  
  199  17:42  Observer  
  190  17:54  Stalker x3  
  190  17:55  Zealot x4  
  193  18:00  Zealot x3  
  193  18:01  Zealot  
  197  18:05  Stalker  
  193  18:14  Observer  
  174  18:31  Disruptor  
  174  18:33  Dark Templar  
  174  18:34  Carrier x2 (Chrono Boost), Dark Templar  
  168  18:37  Carrier (Chrono Boost)  
  168  18:39  Probe  
  168  18:40  Stalker  
  168  18:41  Stalker x3  
  191  18:53  Stalker x2  
  191  18:54  Stalker x3  
  199  19:24  Assimilator  
  199  19:25  Assimilator  
  199  19:34  Observer  
  200  19:39  Photon Cannon  
  200  19:40  Photon Cannon  
  200  19:41  Shield Battery  
  200  19:42  Photon Cannon, Pylon  
  200  19:59  Photon Cannon  
  196  20:01  Observer  
  196  20:02  Photon Cannon  
  179  20:21  Disruptor (Chrono Boost)  
  141  20:23  Observer  
  107  20:29  Dark Templar x6  
  107  20:30  Dark Templar x6  
  107  20:35  Observer (Chrono Boost)  
  131  20:39  Disruptor (Chrono Boost)  
  133  20:49  Nexus  
  137  20:53  Disruptor (Chrono Boost), Pylon  
  137  20:55  Observer (Chrono Boost)  
  129  21:13  Zealot x3  
  129  21:14  Zealot x2  
  139  21:21  Disruptor  
  139  21:23  Observer  
  140  21:31  High Templar x4  
  140  21:32  Zealot x2  
  152  21:38  Archon x2  
  141  21:56  Photon Cannon, Stalker x4  
  141  21:57  Stalker  
  151  22:03  Probe x3  
  156  22:13  Assimilator x2  
  135  22:40  Zealot x12  
Tags
 
Add a new tag
Caveats
  • Supply blocks, unpowered buildings, or Contaminate may cause inaccurate times.
  • Supply counts are checked every 10 seconds.